 Dungeon Crawl Stone Soup version 0.32-a0-314-g526f7d4993 (webtiles) character file.

Game seed: 18108365140196892670

548 IdlyInterested the Trooper (level 7, 0/54 (55) HPs)
             Began as a Demonspawn Fighter on Feb 15, 2024.
             Slain by a crimson imp (2 damage)
             ... summoned by Eustachio
             ... on level 4 of the Dungeon.
             The game lasted 00:15:50 (3262 turns).

IdlyInterested the Trooper (Demonspawn Fighter)     Turns: 3262, Time: 00:15:50

HP:   0/54 (55)     AC:  4    Str: 16      XL:     7   Next: 7%
MP:   7/7           EV: 13    Int: 12      God:
Gold: 150           SH:  4    Dex:  9 (12) Spells: 6/6 levels left

rFire   . . .        s - +1 short sword (drain)
rCold   + + +        c - +0 buckler
rNeg    + + .        d - +1 leather armour of the Cricket {rC++ rN++ Int-5}
rPois   .            (helmet currently unavailable)
rElec   .            (cloak currently unavailable)
rCorr   +            (gloves currently unavailable)
SInv    .            (boots currently unavailable)
Will    .....        (no amulet)
Stlth   ++           e - ring of resist corrosion
HPRegen 0.29/turn    j - ring of protection from cold
MPRegen 0.10/turn

%: no passive effects
@: brilliant, beast-form, hasted, lightly drained, very quick
A: beast (slay +1), horns 1, repulsion field 1, ignite blood 1, thin skeletal
structure 1, clever 2
a: Begin Untransformation


You were on level 4 of the Dungeon.
You were a hulking beast.
You visited 1 branch of the dungeon, and saw 4 of its levels.

You collected 150 gold pieces.

Inventory:

Hand Weapons
 a - a +0 rapier
 h - a +0 war axe of draining
 l - a +0 flail
 s - a +1 short sword of draining (weapon)
Missiles
 n - 10 poisoned darts
 q - 15 stones (quivered)
Armour
 c - a +0 buckler (worn)
 d - the +1 leather armour of the Cricket (worn) {rC++ rN++ Int-5}
   (You found it on level 3 of the Dungeon)

   Int-5:     It affects your intelligence (-5).
   rC++:      It greatly protects you from cold.
   rN++:      It greatly protects you from negative energy.
 u - a +3 ring mail of fire resistance
 x - a +0 helmet
Jewellery
 e - a ring of resist corrosion (left hand)
 j - a ring of protection from cold (right hand)
Talismans
 k - a beast talisman (active)
Scrolls
 f - 2 scrolls of fear
 p - 2 scrolls of vulnerability
 r - a scroll of torment
 t - a scroll of acquirement {unknown}
 v - a scroll of enchant armour {unknown}
Potions
 b - a potion of resistance


   Skills:
 + Level 4.8 Fighting
 - Level 2.0 Short Blades
 - Level 2.0 Throwing
 - Level 3.0 Armour
 - Level 2.0 Dodging
 - Level 2.0 Stealth
 - Level 3.0 Shields
 - Level 2.0 Unarmed Combat
 - Level 2.0 Evocations
 - Level 2.0 Shapeshifting


You had 6 spell levels left.
You didn't know any spells.
Your spell library contained the following spells:

 Spells                   Type           Power      Damage    Failure   Level
 Cigotuvi's Dreadful Rot  Necr/Alch/Air  0%         N/A       61%         2
 Tukima's Dance           Hex            0%         N/A       83%         3
 Dispel Undead            Necr           0%         3d6       99%         4
 Martyr's Knell           Necr/Summ      0%         N/A       99%         4
 Passage of Golubria      Tloc           0%         N/A       99%         4
 Yara's Violent Unravell  Hex/Alch       0%         3d3       100%        5
 Death Channel            Necr           0%         N/A       100%        6


Dungeon Overview and Level Annotations

Branches:
Dungeon (4/15)             Temple (0/1) D:4

Altars:
Okawaru
Sif Muna

Shops:
D:1 :

Annotations:
D:4 Eustachio


Innate Abilities, Weirdness & Mutations

You are a hulking beast.
Your limbs bulge with bestial killing power. (Slay +1)
You have a pair of small horns on your head.
You are surrounded by a mild repulsion field. (EV +2)
Your demonic aura sometimes causes spilled blood to erupt in flames.
You have a somewhat thin skeletal structure. (Dex +2, Stealth+)
Your mind is very acute. (Int +8, Str/Dex -2)


Message History

The rat dies!
The rat's corpse disappears in a puff of smoke!
Unknown command.
You barely miss the crimson imp.
Your orc completely misses the crimson imp.
Unknown command.
You hit the crimson imp but do no damage.
Your scorpion stings the river rat.
The crimson imp barely misses you. You block the white imp's attack.
The crimson imp blinks!
The river rat bites your orc.
Your orc barely misses the crimson imp.
Unknown command.
You hit the crimson imp but do no damage.
Your scorpion closely misses the river rat.
The white imp hits you.
* * * LOW HITPOINT WARNING * * *
The white imp freezes you. You resist. The crimson imp hits you.
* * * LOW HITPOINT WARNING * * *
Your phantom closely misses Eustachio.
You hit the crimson imp.
The crimson imp is lightly wounded.
Eustachio mumbles some strange words.
Eustachio blinks!
The river rat misses your orc.
Your scorpion stings the river rat.
Your orc hits the crimson imp with a +0 club.
The crimson imp closely misses you. The white imp hits you.
* * * LOW HITPOINT WARNING * * *
The white imp freezes you. You resist.
You barely miss the crimson imp. Your headbutt misses the crimson imp.
The crimson imp is lightly wounded.
The white imp disappears in a puff of smoke!
Eustachio gestures wildly while chanting.
Eustachio blinks!
Your scorpion completely misses the river rat.
Something bites your phantom but does no damage.
The river rat barely misses your scorpion.
Your orc hits the crimson imp with a +0 club.
You miss the crimson imp.
The crimson imp is moderately wounded.
The crimson imp hits you.
You die...

#.....# ### ####.....###
##.###.##........
#...##.#.........
##........###..... #......#..#
##..## #####.....#..## #....
###.>#......#........#. ###
#...§#h.........##...##
#..####rW5§....#....##.....
#.§..#(..ro....#....##.# ##
#.........s..........#.#.##
...>..........5...............#
^...@=...................##....
.........§.##>...........# ....
..##......##.........#...##....
. #....#.##........)...........


You could see 2 crimson imps, a river rat (summoned, distracted), a quokka
(summoned), a friendly phantom (summoned), a friendly scorpion (summoned) and a
friendly orc (summoned).

Vanquished Creatures
  Sigmund (D:2)
  Blork the orc (D:4)
  A hound (D:4)
  Ijyb (D:3)
  Terence (D:2)
  2 orc wizards (D:3)
  10 adders
  A ribbon worm (D:3)
  2 dart slugs (D:2)
  An orc (D:4)
  4 bats
  2 endoplasms
  3 giant cockroaches
  4 goblins
  9 hobgoblins
  8 kobolds
  A quokka (D:2)
  8 ball pythons
  2 frilled lizards
  2 rats
64 creatures vanquished.

Notes
Turn   | Place    | Note
-------+----------+-------------------------------------------
     0 | D:1      | IdlyInterested the Demonspawn Fighter began the quest for
                  | the Orb.
     0 | D:1      | Reached XP level 1. HP: 18/18 MP: 1/1
    97 | D:1      | Found Inturiebo's Book Emporium.
   600 | D:1      | Gained mutation: You are surrounded by a mild repulsion
                  | field. (EV +2) [demonic ancestry]
   600 | D:1      | Reached XP level 2. HP: 24/24 MP: 2/2
   631 | D:1      | Reached skill level 1 in Dodging
   865 | D:2      | Reached skill level 1 in Stealth
   980 | D:2      | Reached skill level 1 in Throwing
  1007 | D:2      | Gained mutation: Your demonic aura sometimes causes spilled
                  | blood to erupt in flames. [demonic ancestry]
  1007 | D:2      | Reached XP level 3. HP: 27/29 MP: 3/3
  1026 | D:2      | Noticed Sigmund
  1048 | D:2      | Gained mutation: You have a somewhat thin skeletal
                  | structure. (Dex +2, Stealth+) [potion of mutation]
  1048 | D:2      | Gained mutation: Your mind is acute. (Int +4, Str/Dex -1)
                  | [potion of mutation]
  1048 | D:2      | Gained mutation: Your mind is very acute. (Int +8, Str/Dex
                  | -2) [potion of mutation]
  1051 | D:2      | HP: 1/43 [hobgoblin (3)]
  1052 | D:2      | Killed Sigmund
  1053 | D:2      | Reached skill level 1 in Shapeshifting
  1053 | D:2      | Reached skill level 1 in Evocations
  1053 | D:2      | Reached skill level 1 in Unarmed Combat
  1053 | D:2      | Reached skill level 4 in Fighting
  1053 | D:2      | Reached XP level 4. HP: 2/37 MP: 4/4
  1053 | D:2      | Reached XP level 5. HP: 2/42 MP: 5/5
  1294 | D:2      | Noticed Terence
  1311 | D:2      | Killed Terence
  1725 | D:3      | Noticed Ijyb
  1747 | D:3      | Killed Ijyb
  1748 | D:3      | Gained mutation: You have a pair of small horns on your
                  | head. [demonic ancestry]
  1748 | D:3      | Reached XP level 6. HP: 22/48 MP: 6/6
  1992 | D:3      | Identified the +1 leather armour of the Cricket {rC++ rN++
                  | Int-5}
  2050 | D:3      | Found an iron altar of Okawaru.
  2336 | D:3      | Found a shimmering blue altar of Sif Muna.
  2775 | D:4      | Noticed Blork the orc
  2792 | D:4      | Killed Blork the orc
  2952 | D:4      | Reached XP level 7. HP: 52/52 MP: 7/7
  2995 | D:4      | Found a staircase to the Ecumenical Temple.
  3205 | D:4      | Noticed Eustachio
  3260 | D:4      | HP: 2/54 [white imp[Eustachio] (3)]
  3262 | D:4      | Slain by a crimson imp

Illustrated notes

Levels and vault maps discovered:
D:1:      nzn_arrival_water_spiral, layout_loops_corners, serial_shops,
          nicolae_shop_statue_plus, grunt_decor_clamped
D:2:      layout_basic, serial_bayou_ford_a, uniq_sigmund, uniq_terence
D:3:      layout_rooms, lemuel_coloured_pillars_altar, led_sif_book,
          minivault_24, kennysheep_generic_room_4, uniq_ijyb
D:4:      layout_cave_pools, minitemple, minmay_temple_entry_sparse_star,
          bh_walls_and_bars, uniq_eustachio, uniq_blork_the_orc

Skill      XL: |  1  2  3  4  5  6 |
---------------+-------------------+-----
Short Blades   | 2 |  2.0
Armour         | 3 |  3.0
Dodging        | 1 2 |  2.0
Stealth        | 1 2 |  2.0
Throwing       | 1 2 |  2.0
Shapeshifting  | 1 2 |  2.0
Evocations     | 1 2 |  2.0
Unarmed Combat | 1 2 |  2.0
Shields        | 3 |  3.0
Fighting       | 4 |  4.8

Action                     |  1- 3 |  4- 6 |  7- 9 || total
---------------------------+-------+-------+-------++-------
  Melee: Rapier            |    51 |    41 |       ||    92
         Unarmed           |     2 |     2 |       ||     4
         Short sword       |       |   123 |    47 ||   170
         Headbutt          |       |     9 |     3 ||    12
  Throw: Dart              |       |     4 |     2 ||     6
         Stone             |       |    26 |     1 ||    27
  Evoke: Wand              |       |     2 |       ||     2
    Use: Scroll            |     2 |     2 |     5 ||     9
         Potion            |     4 |     2 |     3 ||     9
   Stab: Sleeping          |       |     2 |     2 ||     4
 Armour: Scale mail        |     5 |       |       ||     5
         Chain mail        |    40 |    65 |       ||   105
         Skin              |     4 |       |       ||     4
         Leather armour    |       |    48 |    49 ||    97
  Dodge: Dodged            |    26 |    84 |    56 ||   166
  Block: Buckler           |    15 |    44 |    23 ||    82
   Form: Beast             |       |     1 |       ||     1

Table legend: (Time is in decaauts)
 A = Elapsed time spent in this place.
 B = Non-inter-level travel time spent in this place.
 C = Inter-level travel time spent in this place.
 D = Time resting spent in this place.
 E = Time spent auto-exploring this place.
 F = Levels seen in this place.
 G = Mean time per level.
                   A        B        C        D        E       F      G
               +--------+--------+--------+--------+--------+-----+--------+
         Total |   3276 |   3124 |    152 |    419 |   1751 |   4 |  819.0 |
       Dungeon |   3276 |   3124 |    152 |    419 |   1751 |   4 |  819.0 |
               +--------+--------+--------+--------+--------+-----+--------+

Top non-repeatable levels by time:
     D:3: 902 daAuts
     D:2: 874 daAuts
     D:1: 851 daAuts
     D:4: 647 daAuts
